 Dungeon Crawl Stone Soup version 0.27-a0-1154-gfdeffcb720 (console) character file.

Game seed: 1048359602104684685

204546 jejorda2 the Phalangite (level 18, -1/220 HPs)
             Began as a Merfolk Berserker on May 14, 2021.
             Was a High Priest of Trog.
             Succumbed to a naga ritualist's splash of poison
             ... on level 3 of the Snake Pit on May 15, 2021.
             The game lasted 01:43:01 (38853 turns).

jejorda2 the Phalangite (Merfolk Berserker)        Turns: 38853, Time: 01:43:01

Health: -1/220     AC: 40    Str: 25    XL:     18   Next: 65%
Magic:  18/18      EV: 14    Int:  7    God:    Trog [*****.]
Gold:   526        SH:  0    Dex: 13    Spells: 17/17 levels left

rFire    + + .     SeeInvis .   a - +3 bardiche (protect)
rCold    + . .     Faith    .   (shield currently unavailable)
rNeg     . . .     Spirit   .   t - +4 plate armour {rF+}
rPois    +         Reflect  .   r - +2 helmet of Too Many Cooks {rElec rC+}
rElec    +         Harm     .   V - +1 cloak {Will+}
rCorr    .         Rampage  .   J - +2 pair of gloves
Will     +++..                  B - +2 pair of boots {Fly}
Stlth    ..........             R - amulet "Mitruob" {RegenMP rF+ Will+}
HPRegen  0.46/turn              U - ring of poison resistance
MPRegen  0.41/turn              F - +4 ring of evasion

@: berserking, lethally poisoned (-1 -> -23), under a protective aura, flying,
very quick
A: (nimble swimmer 2), mertail
}: 1/15 runes: decaying
a: Renounce Religion, Berserk, Trog's Hand, Brothers in Arms


You were on level 3 of the Snake Pit.
You worshipped Trog.
Trog was extremely pleased with you.
You visited 5 branches of the dungeon, and saw 30 of its levels.
You also visited: Ossuary and Bailey.

You collected 2772 gold pieces.
You spent 2246 gold pieces at shops.

Inventory:

Hand Weapons
 a - a +3 bardiche of protection (weapon)
 b - a +2 glaive of flaming
Missiles
 f - 3 throwing nets
 l - 39 poisoned darts
 G - 17 curare-tipped darts
 I - 15 boomerangs (quivered)
 X - 7 javelins
Armour
 r - the +2 helmet of Too Many Cooks (worn) {rElec rC+}
   (You bought it in a shop on level 1 of the Snake Pit)

   It protects you from cold.
   It insulates you from electricity.
 t - a +4 plate armour of fire resistance (worn)
 B - a +2 pair of boots of flying (worn)
 J - a +2 pair of gloves (worn)
 V - a +1 cloak of willpower (worn)
Jewellery
 F - a +4 ring of evasion (right hand)
 H - a ring of see invisible
 L - a ring of resist corrosion
 R - the amulet "Mitruob" (around neck) {RegenMP rF+ Will+}
   (You found it on level 3 of the Lair of Beasts)

   [amulet of magic regeneration]

   It increases your rate of magic regeneration.
   It protects you from fire.
   It increases your willpower.
 U - a ring of poison resistance (left hand)
Wands
 y - a wand of flame (77)
 E - a wand of charming (9)
 K - a wand of acid (7)
 O - a wand of mindburst (43)
 T - a wand of iceblast (2)
 W - a wand of digging (2)
 Z - a wand of polymorph (21)
Scrolls
 c - a scroll of fog
 i - 16 scrolls of teleportation
 n - a scroll of holy word
 p - 3 scrolls of blinking
 x - 8 scrolls of fear
 D - 16 scrolls of identify
 M - a scroll of summoning
Potions
 e - 7 potions of haste
 h - 5 potions of might
 j - 4 potions of attraction
 m - 3 potions of cancellation
 o - 7 potions of heal wounds
 s - 3 potions of invisibility
 u - 9 potions of curing
 w - 2 potions of mutation
 N - 3 potions of resistance
Miscellaneous
 q - a tin of tremorstones (2/2)
 A - a lightning rod (4/4)


   Skills:
 + Level 14.5 Fighting
 - Level 25.0 Polearms
 * Level 13.2 Throwing
 - Level 13.0 Armour
 - Level 7.0 Dodging
 - Level 8.6 Evocations


You had 17 spell levels left.
You didn't know any spells.
Your spell library was empty.

Dungeon Overview and Level Annotations

Branches:
Dungeon (14/15)            Temple (0/1) D:7            Lair (6/6) D:10
  Swamp (4/4) Lair:3        Snake (4/4) Lair:2        Slime (0/5) Lair:6
    Orc (2/2) D:9             Elf (0/3) Orc:2       Ossuary (visited)
 Bailey (visited)
 Vaults: D:13-14

Altars:
Elyvilon
Gozag
Ru
Trog
Uskayaw
Vehumet
Wu Jian
Jiyva

Shops:
D:4 (   Orc:1 (   Orc:2 =[=*   Snake:1 [!(   Snake:2 *

Portals:
Bazaar: Snake:4

Annotations:
Swamp:4 2 transporters, DarkMailMan's ghost, adept GrFi


Innate Abilities, Weirdness & Mutations

((You are quick and stealthy near water. (Stealth+, EV+, Speed+++)))
Your lower body shifts to a powerful aquatic tail in water.


Message History

The black mamba bites you but does no damage.
You slash the shock serpent!
The shock serpent is heavily wounded.
The shock serpent's electric aura discharges, shocking you!
You resist.
You feel very sick.
The black mamba bites you but does no damage.
The shock serpent bites you!
* * * LOW HITPOINT WARNING * * *
The shock serpent shocks you. You resist.
* * * LOW HITPOINT WARNING * * *
The black mamba bites you but does no damage.
The black mamba bites you!
* * * LOW HITPOINT WARNING * * *
You slice the shock serpent!!
You kill the shock serpent!
Trog accepts your kill.
The air sparks with electricity, shocking you!
You resist.
* * * LOW HITPOINT WARNING * * *
x2 You feel very sick.
The black mamba barely misses you.
The black mamba bites you but does no damage.
The black mamba bites you.
* * * LOW HITPOINT WARNING * * *
The naga ritualist hits you but does no damage.
* * * LOW HITPOINT WARNING * * *
The naga ritualist constricts you.
You are too berserk!
You slash the naga ritualist!
The naga ritualist is almost dead.
* * * LOW HITPOINT WARNING * * *
You feel very sick.
The black mamba bites you but does no damage. x2
The black mamba barely misses you.
The black mamba bites you but does no damage.
You slice the naga ritualist!!
You kill the naga ritualist!
Trog accepts your kill.
You die...

##### #.... ############
##....
#..........########.....
#####.......................
#...#..........#########....
#...#..........# ###..
#...#.....†S)..# #....
#...#...(.S@S..### ###.#..
#...######)†.....# ##...##.
#..## #######.####..#####
#..# #......## ## #..#
####..######. #..#
########......... #.(#
####.........^...... #..#
#........#.......... #..#
#...................


You could see 3 black mambas.

Vanquished Creatures
  Vashnia (Snake:2)
  Agnes (D:14)
  A thorn hunter (Swamp:4)
  2 fenstrider witches
  A nagaraja (Snake:3)
  3 orc warlords
  6 bunyips
  2 eleionomae
  2 green deaths (Swamp:4)
  3 shambling mangroves
  Fannar (Orc:1)
  11 naga warriors
  A salamander tyrant (Snake:1)
  2 great orbs of eyes (Swamp:4)
  A boulder beetle (D:14)
  21 hydras
  A hell beast (Swamp:4)
  3 catoblepae (Lair:6)
  A centaur warrior (D:13)
  7 anacondas
  4 two-headed ogres
  3 ghost crabs
  A death knight (D:13)
  4 alligators
  10 death yaks
  2 thrashing horrors (Swamp:4)
  10 shock serpents
  19 spriggans
  3 orc high priests (Orc:2)
  9 naga sharpshooters
  3 goliath frogs
  3 skeletal warriors
  5 salamander mystics
  7 spriggan druids
  2 large abominations (Swamp:4)
  4 swamp dragons
  A naga ritualist (Snake:3)
  9 bog bodies
  5 ugly things
  A deep elf pyromancer (D:14)
  8 orc knights
  A cyclops (D:12)
  3 mana vipers
  6 oklob plants
  4 orc sorcerers (Orc:2)
  5 will-o-the-wisps
  13 salamanders
  4 elephants (Lair:6)
  2 manticores
  28 black mambas
  2 guardian serpents
  6 naga magi
  A torpor snail (Lair:5)
  8 cane toads
  Maggie (D:9)
  2 orange demons (Swamp:4)
  An unseen horror (D:11)
  3 rime drakes
  A freezing wraith (D:13)
  8 komodo dragons
  A polar bear (Lair:6)
  5 trolls
  23 hornets
  2 bloated husks
  9 tyrant leeches
  24 blink frogs
  9 dream sheep
  8 slime creatures (Swamp:4)
  3 wyverns
  2 shadows (Swamp:4)
  55 yaks
  2 vampires
  A basilisk (Lair:3)
  2 wraiths (D:13)
  17 vampire mosquitoes
  A steam dragon (D:8)
  Menkaure (Ossuary)
  32 nagas
  7 wargs
  17 swamp worms
  24 water moccasins
  A swamp drake (Swamp:3)
  3 ice beasts
  41 orc warriors
  3 sky beasts
  A small abomination (Swamp:4)
  2 black bears
  2 necrophages
  11 ogres
  7 centaurs
  49 wolves
  A kobold brigand (D:3)
  10 bullfrogs
  2 scorpions
  A wyvern skeleton (D:6)
  2 water moccasin skeletons
  10 killer bees
  3 howler monkeys
  3 electric eels
  3 centaur zombies
  6 hounds
  2 centaur skeletons
  3 gnoll shamans
  A bullfrog skeleton (D:7)
  23 orc priests
  4 iguanas
  A scorpion zombie (D:4)
  27 orc wizards
  A statue (D:9)
  2 killer bee zombies
  3 mummies (Ossuary)
  A hound zombie (D:5)
  Robin (D:3)
  4 howler monkey zombies
  8 adders
  11 gnolls
  An adder skeleton (D:2)
  3 dart slugs
  2 worms (D:2)
  76 orcs
  5 endoplasms
  2 giant cockroaches (D:2)
  8 hobgoblins
  5 jackals
  6 quokkas
  7 ball pythons
  6 bats
  3 frilled lizards (D:2)
  7 gnoll skeletons (Ossuary)
  9 gnoll zombies (Ossuary)
  10 goblins
  3 goblin skeletons (Ossuary)
  3 hobgoblin skeletons (Ossuary)
  4 hobgoblin zombies (Ossuary)
  6 kobolds
  5 kobold skeletons (Ossuary)
  7 kobold zombies (Ossuary)
  3 orc skeletons (Ossuary)
  An orc zombie (Ossuary)
  2 rats
  4 rat skeletons (Ossuary)
  4 rat zombies (Ossuary)
973 creatures vanquished.

Vanquished Creatures (collateral kills)
  Azrael (D:13)
  A boulder beetle (D:12)
  A catoblepas (Lair:6)
  A salamander tyrant (Snake:3)
  A death yak (Lair:6)
  2 anacondas (Snake:2)
  A naga sharpshooter (Snake:2)
  Sonja (Lair:3)
  2 skeletal warriors (D:14)
  3 ugly things (D:14)
  An oklob plant (Lair:3)
  A manticore (Lair:6)
  A salamander (Snake:2)
  4 black mambas (Snake:2)
  A komodo dragon (Lair:3)
  A polar bear (Lair:6)
  4 dream sheep (Lair:6)
  2 slime creatures (D:13)
  A yak (Lair:6)
  A fire elemental (D:13)
  A naga (Snake:3)
  3 hell hounds (D:13)
  A black bear (D:7)
  3 orc warriors (D:9)
  2 wolves (Lair:3)
  An orc priest (Orc:1)
  2 orcs
  4 goblins (D:7)
48 creatures vanquished.

Vanquished Creatures (others)
  A bloated husk (Swamp:3)
  A slime creature (D:13)
  14 foxfires
  25 fungi
  61 plants
102 creatures vanquished.

Grand Total: 1123 creatures vanquished

Notes
Turn   | Place    | Note
-------+----------+-------------------------------------------
     0 | D:1      | jejorda2 the Merfolk Berserker began the quest for the Orb.
     0 | D:1      | Reached XP level 1. HP: 18/18 MP: 1/1
   617 | D:1      | Reached XP level 2. HP: 22/24 MP: 2/2
   735 | D:2      | Reached skill level 5 in Polearms
  1015 | D:2      | Reached XP level 3. HP: 30/30 MP: 3/3
  1364 | D:2      | Reached XP level 4. HP: 37/37 MP: 4/4
  1435 | D:2      | Reached ** piety under Trog
  1753 | D:3      | Reached skill level 6 in Polearms
  2362 | D:3      | Noticed Robin
  2377 | D:3      | Killed Robin
  2445 | D:3      | Found an opulent altar of Gozag.
  2727 | D:3      | Noticed a kobold brigand
  2746 | D:3      | Killed a kobold brigand
  2747 | D:3      | Reached skill level 7 in Polearms
  2747 | D:3      | Reached XP level 5. HP: 20/43 MP: 5/5
  2982 | D:4      | Reached XP level 6. HP: 49/49 MP: 3/6
  3324 | D:4      | Reached skill level 8 in Polearms
  3387 | D:4      | Reached skill level 5 in Fighting
  3399 | D:4      | Reached XP level 7. HP: 56/56 MP: 5/7
  3585 | D:4      | Identified the +4 ring mail "Zeov" {rC++ Int+3}
  3690 | D:4      | Found a sacrificial altar of Ru.
  3781 | D:4      | Found Juimue's Antique Weapon Shoppe.
  4065 | D:5      | Entered Level 5 of the Dungeon
  4216 | D:5      | Reached skill level 9 in Polearms
  4584 | D:5      | Reached XP level 8. HP: 53/64 MP: 8/8
  4612 | D:5      | Reached skill level 10 in Polearms
  5096 | D:5      | Reached *** piety under Trog
  5248 | D:5      | Found an ornate altar of the Wu Jian Council.
  5441 | D:6      | Reached skill level 11 in Polearms
  5748 | D:6      | Reached skill level 12 in Polearms
  5786 | D:6      | Found a bloodstained altar of Trog.
  5961 | D:6      | Reached XP level 9. HP: 69/69 MP: 7/9
  6688 | D:7      | Found a sand-covered staircase.
  6696 | Ossuary  | Entered an ossuary
  6787 | Ossuary  | Reached skill level 13 in Polearms
  6871 | Ossuary  | Reached **** piety under Trog
  7066 | Ossuary  | Noticed Menkaure
  7112 | Ossuary  | Killed Menkaure
  7113 | Ossuary  | Reached skill level 5 in Armour
  7310 | D:7      | Found a flagged portal.
  7333 | Bailey   | Entered a bailey
  7585 | Bailey   | Reached skill level 14 in Polearms
  7603 | Bailey   | Noticed an orc knight
  7622 | Bailey   | Killed an orc knight
  7630 | Bailey   | Reached XP level 10. HP: 60/76 MP: 5/10
  7709 | Bailey   | Reached skill level 15 in Polearms
  8012 | Bailey   | Identified the +5 ice dragon scales "Uliwukk" {rF- rC++
                  | Str+6 Dex-2 Slay+4 SInv}
  8200 | D:7      | Found a staircase to the Ecumenical Temple.
  8574 | D:7      | Identified a scroll of acquirement
  8574 | D:7      | Acquired the +0 hat of Happy Babbling {rElec Will+}
  9015 | D:8      | Reached skill level 16 in Polearms
  9913 | D:9      | Noticed Maggie
 10013 | D:9      | Killed Maggie
 10079 | D:9      | Reached skill level 17 in Polearms
 10103 | D:9      | Reached ***** piety under Trog
 10302 | D:9      | Found a staircase to the Orcish Mines.
 10652 | D:9      | Found a radiant altar of Vehumet.
 10992 | D:9      | Reached skill level 18 in Polearms
 11110 | D:9      | Found a hide-covered altar of Uskayaw.
 11111 | D:9      | You are sucked into a shaft and drop 3 floors!
 11154 | D:12     | Identified the +3 scale mail of Card Tricks {Regen+ Int+3}
 11186 | D:12     | Noticed a cyclops
 11206 | D:12     | Killed a cyclops
 11207 | D:12     | Reached XP level 11. HP: 46/81 MP: 3/11
 11349 | D:12     | Noticed a boulder beetle
 11357 | D:12     | Killed a boulder beetle
 11361 | D:12     | Noticed a manticore
 11372 | D:12     | Killed a manticore
 11619 | D:12     | You are sucked into a shaft and drop 2 floors!
 11659 | D:14     | Noticed a brown ugly thing
 11659 | D:14     | Noticed a brown ugly thing
 11670 | D:14     | Killed a brown ugly thing
 11670 | D:14     | Noticed a brown ugly thing
 11671 | D:14     | Reached skill level 19 in Polearms
 11673 | D:14     | Killed a brown ugly thing
 11681 | D:14     | Killed a brown ugly thing
 11766 | D:14     | Noticed Agnes
 11785 | D:14     | HP: 5/121 [Agnes/+4 spectral lajatang (11)]
 11792 | D:14     | Killed Agnes
 11860 | D:14     | Noticed a skeletal warrior
 11860 | D:14     | Noticed a skeletal warrior
 11861 | D:14     | Noticed a skeletal warrior
 11861 | D:14     | Noticed a skeletal warrior
 11868 | D:14     | Killed a skeletal warrior
 11876 | D:14     | Killed a skeletal warrior
 11878 | D:14     | Killed a skeletal warrior
 11889 | D:14     | Killed a skeletal warrior
 11890 | D:14     | Reached skill level 5 in Dodging
 11952 | D:14     | Noticed a boulder beetle
 11963 | D:14     | Killed a boulder beetle
 11964 | D:14     | Reached skill level 20 in Polearms
 12030 | D:14     | Noticed a deep elf pyromancer
 12035 | D:14     | Killed a deep elf pyromancer
 12095 | D:13     | Identified the +3 rapier "Buroozoo" {drain, Int+6}
 12101 | D:13     | Noticed a centaur warrior
 12108 | D:13     | Killed a centaur warrior
 12109 | D:13     | Reached XP level 12. HP: 48/88 MP: 6/12
 12163 | D:13     | Noticed a two-headed ogre
 12177 | D:13     | Killed a two-headed ogre
 12178 | D:13     | Reached skill level 5 in Evocations
 12198 | D:13     | Noticed a death knight
 12214 | D:13     | Killed a death knight
 12397 | D:13     | Noticed Azrael
 12412 | D:13     | Reached skill level 1 in Throwing
 12441 | D:13     | Killed Azrael
 12602 | D:11     | Found a white marble altar of Elyvilon.
 12605 | D:11     | Noticed a two-headed ogre
 12612 | D:11     | Killed a two-headed ogre
 12926 | D:10     | Entered Level 10 of the Dungeon
 13320 | D:10     | Noticed a two-headed ogre
 13327 | D:10     | Killed a two-headed ogre
 13550 | D:10     | Noticed a two-headed ogre
 13559 | D:10     | Killed a two-headed ogre
 13700 | D:10     | Found a staircase to the Lair.
 14041 | Lair:1   | Entered Level 1 of the Lair of Beasts
 14078 | Lair:1   | Reached XP level 13. HP: 98/98 MP: 13/13
 14139 | Lair:1   | Reached skill level 5 in Throwing
 15195 | Lair:2   | Found an opulent altar of Gozag.
 15654 | Lair:2   | Found a staircase to the Snake Pit.
 15714 | Lair:2   | Reached skill level 10 in Fighting
 16143 | Lair:3   | Noticed Sonja
 16149 | Lair:3   | Killed Sonja
 16227 | Lair:3   | Identified the amulet "Mitruob" {RegenMP rF+ Will+}
 16828 | Lair:3   | Received a gift from Trog
 17009 | Lair:3   | Reached skill level 10 in Armour
 17009 | Lair:3   | Reached XP level 14. HP: 67/110 MP: 14/14
 17598 | Lair:3   | Found a staircase to the Swamp.
 18340 | Lair:4   | Identified the +2 longbow "Xidd" {flame, rF- rN++ Dex+4
                  | Stlth+}
 19884 | Lair:6   | Entered Level 6 of the Lair of Beasts
 19937 | Lair:6   | Received a gift from Trog
 20679 | Lair:6   | Reached XP level 15. HP: 114/116 MP: 15/15
 21956 | Lair:6   | Found a staircase to the Slime Pits.
 21957 | Lair:6   | Found a viscous altar of Jiyva.
 22289 | Orc:1    | Entered Level 1 of the Orcish Mines
 22289 | Orc:1    | Noticed an orc warlord
 22357 | D:9      | Received a gift from Trog
 22361 | D:9      | Killed an orc warlord
 22922 | Orc:1    | Found Xamopyet's Weapon Emporium.
 23074 | Orc:2    | Entered Level 2 of the Orcish Mines
 23132 | Orc:2    | Found Dazeodyo's Assorted Antiques.
 23362 | Orc:2    | Bought a shiny chain mail for 180 gold pieces
 23512 | Orc:2    | Found a staircase to the Elven Halls.
 23892 | Orc:2    | Found Zenna's Jewellery Boutique.
 23898 | Orc:2    | Found Zaaggege's Armour Shoppe.
 23909 | Orc:2    | Found Nomag's Jewellery Shoppe.
 23911 | Orc:2    | Found Nukogod's Magic Scroll Boutique.
 23917 | Orc:2    | Bought a ring of poison resistance for 220 gold pieces
 24209 | Orc:1    | Received a gift from Trog
 24492 | Orc:1    | Noticed an orc warlord
 24498 | Orc:1    | Killed an orc warlord
 24499 | Orc:1    | Reached skill level 21 in Polearms
 24503 | Orc:1    | Noticed Fannar
 24508 | Orc:1    | Noticed an orc warlord
 24561 | Orc:2    | Killed an orc warlord
 24898 | Orc:1    | Killed Fannar
 25375 | Orc:2    | Bought a +1 cloak of willpower for 214 gold pieces
 25545 | Swamp:1  | Entered Level 1 of the Swamp
 25697 | Lair:3   | Reached XP level 16. HP: 72/126 MP: 16/16
 25998 | Lair:3   | Received a gift from Trog
 25999 | Lair:3   | Reached skill level 22 in Polearms
 27128 | Swamp:1  | Identified the +5 hand axe "Loppunun" {holy, +Rage rPois
                  | SInv}
 27166 | Swamp:1  | Reached skill level 23 in Polearms
 27279 | Swamp:1  | Identified the +7 flail "Plog" {antimagic, rF++ Int+2}
 27842 | Swamp:2  | Noticed a fenstrider witch
 27848 | Swamp:2  | Killed a fenstrider witch
 28202 | Swamp:2  | Received a gift from Trog
 28710 | Swamp:3  | Reached skill level 24 in Polearms
 29482 | Swamp:3  | Identified the +1 broad axe "Daymipp" {vorpal, Str+4 Dex-5}
 29618 | Swamp:3  | Noticed a fenstrider witch
 29624 | Swamp:3  | Killed a fenstrider witch
 29738 | Swamp:4  | Entered Level 4 of the Swamp
 29864 | Swamp:4  | Noticed a thorn hunter
 29873 | Swamp:4  | Killed a thorn hunter
 30282 | Swamp:4  | Reached XP level 17. HP: 121/131 MP: 17/17
 31192 | Swamp:4  | Reached skill level 25 in Polearms
 31415 | Swamp:4  | Received a gift from Trog
 31589 | Swamp:4  | Got a decaying rune of Zot
 31683 | Swamp:4  | Found a transporter.
 31698 | Swamp:4  | Found a transporter.
 31699 | Swamp:4  | Noticed DarkMailMan's ghost (adept GrFi)
 32210 | Snake:1  | Entered Level 1 of the Snake Pit
 32874 | Snake:1  | Reached skill level 10 in Throwing
 32953 | Snake:1  | Found Heahad's Antique Armour Boutique.
 32957 | Snake:1  | Found Wuuphoug's Distillery.
 32958 | Snake:1  | Found Lobbelen's Weapon Boutique.
 32974 | Snake:1  | Bought an embroidered cloak for 202 gold pieces
 32974 | Snake:1  | Bought a steaming helmet for 256 gold pieces
 32974 | Snake:1  | Identified the +1 helmet "Bilidaxo" {rPois rCorr Dex+2}
                  | (You bought it in a shop on level 1 of the Snake Pit)
 32974 | Snake:1  | Bought an embroidered scarf for 216 gold pieces
 32974 | Snake:1  | Bought a transparent helmet for 256 gold pieces
 32974 | Snake:1  | Identified the +2 helmet of Too Many Cooks {rElec rC+} (You
                  | bought it in a shop on level 1 of the Snake Pit)
 32974 | Snake:1  | Bought a runed plate armour for 702 gold pieces
 33396 | Snake:1  | Identified the +6 halberd of Severance {flame, Will+} (Trog
                  | gifted it to you on level 1 of the Snake Pit)
 33396 | Snake:1  | Received a gift from Trog
 34784 | Snake:2  | Reached XP level 18. HP: 68/144 MP: 18/18
 35116 | Snake:2  | Noticed Vashnia
 35473 | Snake:2  | Killed Vashnia
 36351 | Snake:2  | Found Qivvefoo's General Store.
 37109 | Snake:3  | Received a gift from Trog
 38494 | Snake:4  | Entered Level 4 of the Snake Pit
 38627 | Snake:4  | Found a flickering gateway to a bazaar.
 38851 | Snake:3  | HP: 7/220 [black mamba (5)]
 38852 | Snake:3  | HP: 1/220 [poisoned by a naga ritualist (splash of poison)]
 38853 | Snake:3  | Succumbed to a naga ritualist's splash of poison

Illustrated notes

Levels and vault maps discovered:
D:1:      dpeg_arrival_three_same_balls, layout_basic
D:2:      layout_loops_ring
D:3:      layout_basic, nicolae_gozag_cash_rules_everything_around_me,
          roderic_lattice_a, uniq_robin
D:4:      layout_gridville, marbit_many_paths, serial_shops,
          nicolae_shop_behind_doors, minivault_11
D:5:      layout_cave_pods, lemuel_round_altar, minmay_misc_feat_tiny
D:6:      layout_loops_ring, lemuel_crystal_altar, hex_medium
D:7:      layout_loops_ring, minmay_temple_entry_overgrown,
          lightli_ossuary_entry_decrepit_ruins, enter_bailey_3
D:8:      layout_basic
D:9:      layout_big_octagon, kennysheep_mini, vehumet_statue, david_orc_3,
          serial_gnoll_camp, gnoll_camp_mini_loothouse,
          gnoll_camp_mini_doghouse, gnoll_camp_mini_hut, gnoll_camp_mini_house,
          uniq_maggie
D:10:     layout_gridville, lair_entry_dummy
D:11:     layout_cave_pools, elyvilon_altar_3, uniq_erica
D:12:     layout_basic
D:13:     layout_loops_ring, david_vaults_3, uniq_azrael, uniq_erolcha,
          uniq_rupert
D:14:     layout_stronghold, minivault_4, uniq_agnes
Lair:1:   layout_regular_city, serial_bayou_shore_b, serial_bayou_shore_a,
          infiniplex_staircase_pool_2, serial_bayou_shore_b, grunt_megastairs_4,
          serial_bayou_shore_b
Lair:2:   layout_regular_city, minmay_snake_entry_six_corridors, basic_altar,
          st_stairs_10, wad_woods_03
Lair:3:   layout_cave_pods, nicolae_swamp_entry_splash_gauntlet, minivault_27,
          grunt_forest_large_clearings, minmay_lair_oklob_chamber, uniq_sonja
Lair:4:   layout_roguey, minmay_lair_oklob_items
Lair:5:   layout_cave_pods
Lair:6:   evilmike_catoblepas_cave, layout_concentric_octagons, slime_altar_1,
          grunt_forest_stairs_basic
Swamp:1:  layout_basic_swamp, nicolae_swamp_triple_paths
Swamp:2:  layout_falls_marsh, nicolae_swamp_dense_foliage
Swamp:3:  nicolae_swamp_decorative_isthmus, layout_basic_swamp,
          nicolae_swamp_orc_logging_accident, swamp_pool1
Swamp:4:  swamp_vile, layout_basic_swamp, gammafunk_ghost_mausoleum, swamp_pool2
Snake:1:  layout_layer_cave, nicolae_snake_single_loop, serial_bayou_pond_d,
          minmay_shop_star
Snake:2:  layout_misc_corridors, serial_shops, nicolae_shop_stone, st_stairs_14,
          uniq_vashnia
Snake:3:  layout_rooms
Snake:4:  grunt_snake_rune_serpentine_throne, layout_grid_shapes, serial_shops,
          bzr_entry_dummy
Orc:1:    layout_caves, serial_shops, shop, minmay_orc_treasury, uniq_fannar
Orc:2:    st_orc_elflike, layout_caves, serial_shops,
          nicolae_shop_overgrown_old_shop

Skill      XL: |  1  2  3  4  5  6  7  8  9 10 11 12 13 14 15 16 17 18 |
---------------+-------------------------------------------------------+-----
Polearms       | 5 7 8 9 12 14 18 20 21 24 25 | 25.0
Armour         | 2 3 4 5 6 7 10 12 13 | 13.0
Fighting       | 4 5 6 8 10 11 13 14 | 14.5
Dodging        | 6 7 |  7.0
Evocations     | 4 7 8 |  8.6
Throwing       | 4 6 7 11 13 | 13.2

Action                   |  1- 3 |  4- 6 |  7- 9 | 10-12 | 13-15 | 16-18 || total
-------------------------+-------+-------+-------+-------+-------+-------++-------
Melee: Spear             |    99 |   182 |   540 |       |       |       ||   821
       Halberd           |       |       |    30 |   349 |       |       ||   379
       Glaive            |       |       |       |   211 |  1198 |   421 ||  1830
       Trident           |       |       |       |       |    17 |       ||    17
       Bardiche          |       |       |       |       |       |   709 ||   709
Throw: Stone             |    23 |    29 |    29 |       |       |       ||    81
       Dart              |       |     6 |    26 |    38 |    60 |     5 ||   135
       Boomerang         |       |       |       |       |       |    55 ||    55
       Javelin           |       |       |       |       |       |     7 ||     7
Invok: Berserk           |       |     3 |     8 |     8 |     9 |     8 ||    36
       Trog's Hand       |       |     2 |     2 |     5 |     4 |     5 ||    18
       Brothers in Arms  |       |       |     1 |     4 |     6 |     5 ||    16
Evoke: Wand              |       |       |       |       |     6 |    15 ||    21
       Lightning rod     |       |       |       |       |     4 |     4 ||     8
       Tin of tremorston |       |       |       |       |       |     2 ||     2
  Use: Scroll            |       |       |    19 |     6 |    10 |     2 ||    37
       Potion            |       |       |       |       |     1 |     1 ||     2
 Stab: Distracted        |       |       |     1 |     1 |       |     2 ||     4
Armor: Animal skin       |     3 |       |       |       |       |       ||     3
       Chain mail        |    19 |    48 |     3 |       |       |       ||    70
       Ring mail         |       |       |   119 |    83 |       |       ||   202
       Ice dragon scales |       |       |       |     2 |   357 |   271 ||   630
       Scale mail        |       |       |       |    39 |    76 |       ||   115
       Plate armour      |       |       |       |       |       |   392 ||   392
Dodge: Dodged            |    20 |    45 |   121 |   189 |   734 |   701 ||  1810

Table legend: (Time is in decaauts)
 A = Elapsed time spent in this place.
 B = Non-inter-level travel time spent in this place.
 C = Inter-level travel time spent in this place.
 D = Time resting spent in this place.
 E = Time spent auto-exploring this place.
 F = Levels seen in this place.
 G = Mean time per level.
                   A        B        C        D        E       F      G
               +--------+--------+--------+--------+--------+-----+--------+
         Total |  37638 |  35881 |   1757 |   4905 |  24964 |  32 | 1176.2 |
       Dungeon |  13110 |  12600 |    510 |   1453 |   9248 |  14 |  936.4 |
          Lair |   9511 |   8843 |    668 |   1747 |   5777 |   6 | 1585.2 |
         Swamp |   4980 |   4812 |    168 |    210 |   3796 |   4 | 1245.0 |
     Snake Pit |   6187 |   5954 |    233 |    585 |   4488 |   4 | 1546.8 |
  Orcish Mines |   2570 |   2393 |    177 |    445 |   1413 |   2 | 1285.0 |
       Ossuary |    490 |    490 |      0 |     45 |    180 |   1 |  490.0 |
        Bailey |    788 |    788 |      0 |    416 |     60 |   1 |  788.0 |
               +--------+--------+--------+--------+--------+-----+--------+

Top non-repeatable levels by time:
 Snake:1: 3104 daAuts
  Lair:3: 2446 daAuts
     D:9: 1870 daAuts
 Snake:2: 1753 daAuts
 Swamp:4: 1633 daAuts
  Lair:6: 1617 daAuts
  Lair:5: 1564 daAuts
  Lair:2: 1564 daAuts
   Orc:2: 1414 daAuts
 Swamp:2: 1354 daAuts
     D:4: 1305 daAuts
 Snake:3: 1298 daAuts
 Swamp:3: 1271 daAuts
     D:6: 1237 daAuts
  Lair:4: 1223 daAuts
